 Dungeon Crawl Stone Soup version bcrawl-1.38.3 (webtiles) character file.

Game seed: 17980445768657548667

120270 kosoiffoigrumme1174 the Sneak (level 4, -6/24 HPs)
             Began as a Vine Stalker Air Elementalist on July 2, 2023.
             Was an Initiate of Yredelemnul.
             Mangled by an angel
             ... wielding a +2 whip of holy wrath
             ... created by the Shining One
              (17 damage)
             ... on level 2 of the Dungeon.
             The game lasted 00:04:13 (1926 turns).

kosoiffoigrumme1174 the Sneak (VSAE)                Turns: 1926, Time: 00:04:14

Health: -6/24      AC:  2    Str: 10    XL:     4   Next: 33%
Magic:  8/8        EV: 14    Int: 15    God:    Yredelemnul [......]
Gold:   167        SH:  0    Dex: 16    Spells: 6/7 levels left

rFire    . . .     GDR:     28% b - +0 hunting sling
rCold    . . .     SeeInvis .   (no shield)
rNeg     . . .     Gourm    .   f - +0 robe
rPois    .         Faith    .   (no helmet)
rElec    .         Spirit   .   (no cloak)
rCorr    .         Reflect  .   (no gloves)
MR       .....                  (no boots)
Stlth    +.........             (no amulet)
HPRegen  0.54/turn              (no ring)
MPRegen  0.11/turn              (no ring)

@: confused, glowing
A: fangs 2, regeneration 1, no potion heal 3, rot immunity, strong jaws
a: Renounce Religion


You were on level 2 of the Dungeon.
You worshipped Yredelemnul.
Yredelemnul was noncommittal.
You were not hungry.

You visited 1 branch of the dungeon, and saw 2 of its levels.

You collected 167 gold pieces.

Inventory:

Hand Weapons
 a - a +0 short sword
 b - a +0 hunting sling (weapon)
Missiles
 q - 802 stones (quivered)
Armour
 f - a +0 robe (worn)
 r - a +1 hat
Jewellery
 l - an uncursed amulet of rage {unknown}
 n - an uncursed ring of protection from magic {unknown}
Scrolls
 i - a scroll of identify
 j - a scroll of remove curse {unknown}
 k - 2 scrolls of teleportation {unknown}
 o - a scroll of immolation {unknown}
 p - a scroll of blinking {unknown}
Potions
 c - a potion of flight
 d - a potion of resistance
 g - a potion of curing {unknown}
 h - a potion of magic {unknown}
 m - a potion of mutation {unknown}
 t - a potion of lignification {unknown}
Comestibles
 e - 3 rations {!d}


   Skills:
 - Level 4.0 Dodging
 - Level 4.0 Stealth
 - Level 1.5 Unarmed Combat
 - Level 2.1 Spellcasting
   Level 1.0 Conjurations
   Level 1.0 Charms
 - Level 3.0 Air Magic
 + Level 0.0 Invocations


You had 6 spell levels left.
You knew the following spells:

 Your Spells              Type           Power        Failure   Level  Hunger
a - Static Discharge      Air            ##....       6%          1    None

Your spell library contained the following spells:

 Spells                   Type           Power        Failure   Level  Hunger
 Shock                    Conj/Air       #......      14%         2    ##.....
 Swiftness                Chrm/Air       #.......     14%         2    ##.....
 Mephitic Cloud           Conj/Pois/Air  #.......     36%         3    ####...
 Lightning Bolt           Conj/Air       #.......     67%         4    ######.


Dungeon Overview and Level Annotations

Branches:
Dungeon (2/12)

Altars:
Gozag
Hepliaklqana
Nemelex Xobeh
Qazlal
Uskayaw
Yredelemnul
The Shining One


Innate Abilities, Weirdness & Mutations

You have extremely sharp teeth.
Your natural rate of healing is unusually fast.
Potions cannot restore your health.
You are immune to rotting.
Your bites deal extra damage.


Message History

Your mummy convulses.
Unknown command.
Unknown command.
Unknown command.
Unknown command.
Unknown command.
Unknown command.
Unknown command.
Unknown command.
Unknown command.
Unknown command.
You're too confused!
The angel hits your mummy with a +3 whip of holy wrath.
Your mummy convulses.
The angel hits your mummy with a +3 whip of holy wrath.
Your mummy is destroyed!
The angel hits you with a +2 whip of holy wrath!
Ouch! That really hurt!
You die...
Your body rises from the dead as a mindless zombie.

#.#.....##.##<.#^##.#.##.####...
#....####...#.......#.##.##.....
###### #...#..####.#.##.##.....
#8_8#..# #.#.##.##..§.§ #####..#
#.#.##..).§≈_§ #.#..#
#...M.M...§≈§§ #.####
#.#.####.....≈ #.#######.#.#
#...... #..AA@.A....# #....##
#.#######.#.# ###### ### #####


You could see 3 angels.

Vanquished Creatures
  Jessica (D:2)
  An adder (D:2)
  2 dart slugs
  A leopard gecko (D:2)
  3 ball pythons (D:2)
  3 giant cockroaches
  4 goblins
  7 hobgoblins
  2 bats
  A frilled lizard (D:2)
  9 kobolds
  3 rats
37 creatures vanquished.

Vanquished Creatures (others)
  A mummy (D:2)
1 creature vanquished.

Grand Total: 38 creatures vanquished

Notes
Turn   | Place    | Note
-------+----------+-------------------------------------------
     0 | D:1      | kosoiffoigrumme1174 the Vine Stalker Air Elementalist began
                  | the quest for the Orb.
     0 | D:1      | Reached XP level 1. HP: 10/10 MP: 4/4
   206 | D:1      | Reached XP level 2. HP: 15/15 MP: 6/6
   766 | D:2      | Found an opulent altar of Gozag.
   859 | D:2      | Found a stormy altar of Qazlal.
   879 | D:2      | Noticed Jessica
   897 | D:2      | Killed Jessica
   898 | D:2      | Reached XP level 3. HP: 14/19 MP: 7/7
  1149 | D:2      | Reached XP level 4. HP: 24/24 MP: 8/8
  1170 | D:2      | Found a hide-covered altar of Uskayaw.
  1183 | D:2      | Reached skill level 1 in Unarmed Combat
  1286 | D:2      | Found a glowing golden altar of the Shining One.
  1288 | D:2      | Noticed an angel
  1307 | D:2      | Became a worshipper of the Shining One
  1523 | D:2      | Found a basalt altar of Yredelemnul.
  1525 | D:2      | Noticed a profane servitor
  1696 | D:2      | Fell from the grace of the Shining One
  1696 | D:2      | Became a worshipper of Yredelemnul the Dark
  1866 | D:2      | Found a sparkling altar of Nemelex Xobeh.
  1866 | D:2      | Found a hazy altar of Hepliaklqana.
  1924 | D:2      | Noticed an angel
  1924 | D:2      | Noticed an angel
  1924 | D:2      | Noticed an angel
  1926 | D:2      | Mangled by an angel

Skill      XL: |  1  2  3  4 |
---------------+-------------+-----
Stealth        | 4 |  4.0
Dodging        | 3 4 |  4.0
Unarmed Combat | 1 |  1.5
Spellcasting   | |  2.1
Conjurations   | |  1.0
Charms         | |  1.0
Air Magic      | |  3.0

Action                   |  1- 3 |  4- 6 || total
-------------------------+-------+-------++-------
Melee: Short sword       |    68 |    18 ||    86
       Unarmed           |     4 |       ||     4
       Bite              |     6 |     2 ||     8
       Punch             |       |     1 ||     1
 Fire: Hunting sling     |       |     6 ||     6
 Cast: Static Discharge  |     3 |     3 ||     6
 Stab: Sleeping          |     6 |       ||     6
  Eat: Chunk             |     3 |     3 ||     6
Armor: Robe              |    11 |     2 ||    13
Dodge: Dodged            |    43 |    26 ||    69
